 Dungeon Crawl Stone Soup version 0.20-a0-809-gaf7f668 (webtiles) character file.

2648 alkexr the Destroyer (level 9, -32/45 HPs)
             Began as a Tengu Fire Elementalist on Mar 3, 2017.
             Hit by a large rock thrown by a cyclops (36 damage)
             ... on level 7 of the Dungeon.
             The game lasted 00:37:50 (8647 turns).

alkexr the Destroyer (Tengu Fire Elementalist)      Turns: 8647, Time: 00:37:50

Health: -32/45     AC:  4    Str: 12    XL:     9   Next: 62%
Magic:  2/20       EV: 13    Int: 18    God:
Gold:   238        SH:  2    Dex: 15    Spells: 10/21 levels left

rFire    . . .     SeeInvis .   y - -3 falchion (curse)
rCold    . . .     Gourm    .   o - +2 robe {rN+}
rNeg     + . .     Faith    .   (no shield)
rPois    +         Spirit   .   (helmet restricted)
rElec    .         Reflect  +   (no cloak)
rCorr    .         Harm     .   (no gloves)
MR       .....                  (boots unavailable)
Stlth    ++........             q - +2 amulet of reflection
Regen    0.2/turn               m - ring of poison resistance
MPRegen  0.2/turn               f - +3 ring of strength

@: no status effects
A: beak, talons 3, able to fly 1
a: Fly


You were on level 7 of the Dungeon.
You were not hungry.

You visited 1 branch of the dungeon, and saw 7 of its levels.

You collected 238 gold pieces.

Inventory:

Hand Weapons
 g - a +0 dagger
 p - a +0 dagger
 x - a +0 flail
 y - a cursed -3 falchion (weapon)
 A - a +4 great sword of freezing
Armour
 a - a +1 robe
 o - a +2 robe of positive energy (worn)
Jewellery
 f - a +3 ring of strength (left hand)
 l - an uncursed ring of protection from fire
 m - a ring of poison resistance (right hand)
 q - a +2 amulet of reflection (around neck)
 u - an uncursed ring of see invisible {unknown}
Wands
 B - a wand of iceblast (7/15)
Scrolls
 e - 4 scrolls of teleportation {unknown}
 h - 4 scrolls of recharging {unknown}
 j - 3 scrolls of amnesia {unknown}
 n - 6 scrolls of identify
 t - a scroll of random uselessness {unknown}
Potions
 d - 2 potions of agility {unknown}
 k - 2 potions of haste
 r - a potion of berserk rage
 s - a potion of might {unknown}
 w - a potion of curing {unknown}
Books
 b - a book of Flames

   Spells                             Type                      Level
   a - Flame Tongue                   Conjuration/Fire             1
   b - Throw Flame                    Conjuration/Fire             2
   c - Conjure Flame                  Conjuration/Fire             3
   d - Inner Flame                    Hexes/Fire                   3
   e - Sticky Flame                   Conjuration/Fire             4
   f - Fireball                       Conjuration/Fire             5
Comestibles
 c - a bread ration
 i - 3 royal jellies
 v - a fruit
 z - 4 chunks of flesh


   Skills:
 - Level 2.1 Dodging
 - Level 2.0 Stealth
 + Level 6.9 Spellcasting
 + Level 9.7 Conjurations
 + Level 8.9 Fire Magic


You had 10 spell levels left.
You knew the following spells:

 Your Spells              Type           Power        Failure   Level  Hunger
a - Flame Tongue          Conj/Fire      #####        1%          1    None
d - Fireball              Conj/Fire      #####.....   8%          5    #####..
s - Throw Flame           Conj/Fire      #####.       1%          2    None
t - Conjure Flame         Conj/Fire      #####...     1%          3    ##.....


Dungeon Overview and Level Annotations

Branches:
Dungeon (7/15)
 Temple: D:4-7

Altars:
Ashenzari
Fedhas
Gozag
Kikubaaqudgha
Ru
Wu Jian
Xom
Zin
The Shining One

Shops:
D:5 (

Annotations:
D:4 Edmund
D:6 Pikel, Prince Ribbit


Innate Abilities, Weirdness & Mutations

You have a beak for a mouth.
You have claws for feet.
You can fly.


Message History

The flame tongue hits the cyclops.
The cyclops appears unharmed.
The cyclops is severely wounded.
Casting: Flame Tongue
Confirm with . or Enter, or press ? or * to list all spells.
Aiming: Flame Tongue
Press: ? - help, Shift-Dir - straight line, f/p - cyclops
Aim: a cyclops (severely wounded)
The flame tongue hits the cyclops.
The cyclops is almost dead.
The cyclops throws a large rock.
The large rock hits you!!!
Ouch! That really hurt!
* * * LOW HITPOINT WARNING * * *
Casting: Flame Tongue
Confirm with . or Enter, or press ? or * to list all spells.
Aiming: Conjure Flame
Press: ? - help, Dir - move target cursor, p - cyclops The fire blazes with new energy!
The cyclops throws a large rock.
The large rock hits you!!!
Ouch! That really hurt!
You die...

# ... # #.##.########.#
### .............
########.## #......?..
#...)...#.## #.#.#..#
#.########.####......#
#.#....# ##..##.#.#..#
#)#.....##.#.##(.....##
#.....#.##(@§C)........
#.##########..##..
#.≈≈≈≈≈.. ..# .#
#.≈###≈## #.# . ##..'_#
.. #..≈###≈# ... ###
###..≈≈≈≈≈# ..#
#....###### #.# #.#.##


You could see a cyclops.

Vanquished Creatures
  A hippogriff (D:7)
  The ghost of Musica the Sneak, an amateur OpFE (D:4)
  A wyvern (D:7)
  Sigmund (D:5)
  Menkaure (D:6)
  2 black bears (D:5)
  An ice beast (D:5)
  3 ogres
  2 bullfrogs
  A wyvern skeleton (D:6)
  3 scorpions
  4 wights (D:6)
  A crimson imp (D:6)
  2 centaur zombies
  A jelly (D:5)
  3 hounds
  2 orc priests
  2 bullfrog skeletons
  6 orc wizards
  An iguana (D:6)
  Terence (D:2)
  3 worker ants
  A hound skeleton (D:6)
  2 worker ant zombies
  Robin (D:2)
  5 adders
  4 worms
  5 dart slugs
  5 leopard geckos
  18 orcs
  6 giant cockroaches
  15 goblins
  11 hobgoblins
  5 jackals
  10 kobolds
  3 quokkas
  11 bats
  10 frilled lizards
  A quokka skeleton (D:5)
  7 rats
163 creatures vanquished.

Notes
Turn   | Place    | Note
-------+----------+-------------------------------------------
     0 | D:1      | alkexr the Tengu Fire Elementalist began the quest for the Orb.
     0 | D:1      | Reached XP level 1. HP: 10/10 MP: 4/4
   112 | D:1      | Reached skill level 2 in Conjurations
   211 | D:1      | Reached XP level 2. HP: 15/15 MP: 3/6
   979 | D:1      | Learned a level 2 spell: Throw Flame
  1059 | D:2      | Reached XP level 3. HP: 19/19 MP: 4/7
  1139 | D:2      | Found a shattered altar of Ashenzari.
  1525 | D:2      | Reached skill level 3 in Conjurations
  1710 | D:2      | Reached XP level 4. HP: 24/24 MP: 1/8
  1821 | D:2      | Noticed Robin
  1845 | D:2      | Killed Robin
  2249 | D:2      | Noticed Terence
  2478 | D:3      | Learned a level 3 spell: Conjure Flame
  3029 | D:3      | Gained mutation: You can fly. [Tengu growth]
  3029 | D:3      | Reached XP level 5. HP: 28/28 MP: 7/10
  3139 | D:4      | Reached skill level 4 in Conjurations
  3332 | D:4      | Reached skill level 5 in Fire Magic
  3416 | D:4      | Reached XP level 6. HP: 32/32 MP: 8/12
  3437 | D:4      | Noticed Musica's ghost (amateur OpFE)
  3449 | D:4      | Killed Musica's ghost
  3449 | D:4      | Reached skill level 5 in Conjurations
  3636 | D:4      | HP: 1/32 [scorpion (9)]
  3637 | D:4      | Reached XP level 7. HP: 1/36 MP: 0/13
  4043 | D:4      | Found a sacrificial altar of Ru.
  4153 | D:4      | Found a shimmering altar of Xom.
  4776 | D:4      | Noticed Edmund
  5044 | D:2      | Killed Terence
  5337 | D:5      | Entered Level 5 of the Dungeon
  5371 | D:5      | Reached skill level 6 in Conjurations
  5737 | D:5      | Reached XP level 8. HP: 18/41 MP: 8/16
  5919 | D:5      | Reached skill level 5 in Spellcasting
  6121 | D:5      | Found Ceus's Antique Weapon Shoppe.
  6121 | D:5      | Noticed Sigmund
  6126 | D:5      | Killed Sigmund
  6126 | D:5      | Reached skill level 7 in Conjurations
  6673 | D:6      | Found a glowing golden altar of the Shining One.
  6784 | D:6      | Reached skill level 8 in Conjurations
  6937 | D:6      | Found a blossoming altar of Fedhas.
  6939 | D:6      | Found a glowing silver altar of Zin.
  6943 | D:6      | Found an opulent altar of Gozag.
  6944 | D:6      | Found a sacrificial altar of Ru.
  6947 | D:6      | Found an ornate altar of the Wu Jian Council.
  7017 | D:6      | Noticed Pikel
  7017 | D:6      | Noticed Menkaure
  7060 | D:6      | Killed Menkaure
  7164 | D:6      | Reached XP level 9. HP: 45/45 MP: 13/18
  7184 | D:6      | Learned a level 5 spell: Fireball
  7468 | D:6      | Reached skill level 9 in Conjurations
  7838 | D:6      | Noticed Prince Ribbit
  8599 | D:7      | Found an ancient bone altar of Kikubaaqudgha.
  8620 | D:7      | Noticed a cyclops
  8647 | D:7      | Hit by a large rock thrown by a cyclops

Vault maps used:
D:1:      dpeg_arrival_concentric_ovals
D:2:      evilmike_ruin_ashenzari, serial_park_tiny_pond, st_stairs_10,
          uniq_robin, uniq_terence
D:4:      kennysheep_little_box, minivault_19, minmay_misc_feat_ornament,
          nicolae_ru_the_path_less_chosen, uniq_edmund
D:5:      minmay_temple_entry_enclosed_plants, serial_shops, shop, first_bread,
          uniq_sigmund
D:6:      tso_altar, minitemple, chei_slow_surprise, uniq_pikel, uniq_menkaure,
          uniq_prince_ribbit1
D:7:      kennysheep_mini_moat, serial_co_window_serial,
          co_window_of_opportunity_a, co_window_corner_a, co_window_corner_a,
          co_window_corner_a, co_window_of_opportunity_a, co_window_paths_a,
          co_window_of_opportunity_b, co_window_of_opportunity_b,
          co_window_broadway_c, co_window_4corner_a, glass_columns_c,
          glass_columns_a, glass_columns_b, grunt_livestock,
          uniq_crazy_yiuf_cottage

Skill      XL: |  1  2  3  4  5  6  7  8  9 |
---------------+----------------------------+-----
Conjurations   | 2 3 4 5 6 8 9 |  9.7
Fire Magic     | 4 5 6 7 8 |  8.9
Spellcasting   | 3 4 5 6 |  6.9
Dodging        | |  2.1
Stealth        | |  2.0

Action                   |  1- 3 |  4- 6 |  7- 9 || total
-------------------------+-------+-------+-------++-------
Melee: Dagger            |    15 |    41 |    44 ||   100
       Peck              |     1 |     7 |    17 ||    25
       Kick              |     3 |    11 |    23 ||    37
       Unarmed           |       |       |    18 ||    18
       Flail             |       |       |    11 ||    11
       Falchion          |       |       |    14 ||    14
 Cast: Flame Tongue      |    54 |    86 |   239 ||   379
       Throw Flame       |    10 |    12 |     8 ||    30
       Conjure Flame     |       |     4 |    22 ||    26
       Fireball          |       |       |     5 ||     5
  Use: Scroll            |       |       |     4 ||     4
       Potion            |       |       |     1 ||     1
 Stab: Sleeping          |     3 |       |       ||     3
  Eat: Chunk             |     4 |     7 |    13 ||    24
       Royal jelly       |       |       |     1 ||     1
       Bread ration      |       |       |     1 ||     1
Armor: Robe              |     2 |     5 |    30 ||    37
Dodge: Dodged            |    14 |    42 |    84 ||   140
Block: Other             |       |     2 |    12 ||    14
       Rpst.: Falchion   |       |       |     3 ||     3
